 Dungeon Crawl Stone Soup version 0.31-a0-246-g8cbcc1cb85 (webtiles) character file.

Game seed: 5530509620565145226

157 qw the Shooter (level 5, -7/30 HPs)
             Began as a Gargoyle Hexslinger on July 12, 2023.
             Mangled by an ogre
             ... wielding a +0 giant club
              (30 damage)
             ... on level 4 of the Dungeon.
             The game lasted 00:00:52 (2482 turns).

qw the Shooter (Gargoyle Hexslinger)                Turns: 2482, Time: 00:00:52

Health: -7/30      AC:  9    Str: 11    XL:     5   Next: 38%
Magic:  6/6        EV: 12    Int: 14    God:
Gold:   194        SH:  0    Dex: 20    Spells: 5/6 levels left

rFire   . . .        Y - +2 sling
rCold   + . .        (no shield)
rNeg    + . .        j - +2 leather armour {rC+}
rPois   inf          (no helmet)
rElec   +            (no cloak)
rCorr   .            (no gloves)
SInv    .            (no boots)
Will    .....        (no amulet)
Stlth   +            g - +6 ring of dexterity
HPRegen 0.25/turn    (no ring)
MPRegen 0.10/turn

%: no passive effects
@: no status effects
A: sickness immunity, AC +4, negative energy resistance 1, electricity
resistance, torment resistance 1, petrification resistance
a: no special abilities


You were on level 4 of the Dungeon.
You visited 1 branch of the dungeon, and saw 4 of its levels.

You collected 194 gold pieces.


Innate Abilities, Weirdness & Mutations

You are immune to sickness and miasma.
Your stone body is resilient. (AC +4)
You are immune to poison.
You resist negative energy. (rN+)
You are resistant to electric shocks. (rElec)
You are resistant to unholy torment.
You are immune to petrification.


   Skills:
 - Level 2.0 Fighting
 + Level 4.8 Ranged Weapons
 - Level 1.6 Armour
 - Level 1.5 Dodging
 - Level 1.0 Spellcasting
 - Level 2.6 Hexes


You had 5 spell levels left.
You knew the following spells:

 Your Spells              Type           Power      Damage    Failure   Level
a - Slow                  Hex            32%        N/A       12%         1

Your spell library contained the following spells:

 Spells                   Type           Power      Damage    Failure   Level
 Inner Flame              Hex/Fire       4%         N/A       52%         3
 Portal Projectile        Hex/Tloc       8%         N/A       52%         3
 Cause Fear               Hex            4%         N/A       75%         4

Inventory:

Hand Weapons
 Y - a +2 sling (weapon)
Armour
 j - a +2 leather armour of cold resistance (worn)
Jewellery
 g - a +6 ring of dexterity (left hand)
Scrolls
 c - a scroll of teleportation
 d - 2 scrolls of identify
Potions
 a - a potion of mutation
 b - a potion of brilliance {unknown}
 e - a potion of attraction {unknown}
 f - a potion of invisibility {unknown}
 h - a potion of might {unknown}
 i - a potion of heal wounds
 k - a potion of curing
 l - a potion of resistance {unknown}

Dungeon Overview and Level Annotations

Branches:
Dungeon (4/15)
 Temple: D:4-7

Altars:
Kikubaaqudgha

Shops:
D:1 (


Message History

The orc is almost dead.
The orc hits you but does no damage. The orc closely misses you.
You shoot a sling bullet. The sling bullet hits the orc.
You kill the orc!
The orc hits you but does no damage.
You shoot a sling bullet. The sling bullet hits the orc!
You kill the orc!
The orc closely misses you. The orc hits you but does no damage.
You shoot a sling bullet. The sling bullet hits the orc!
You kill the orc!
You start resting.
HP restored.
You see here a +0 hand axe.
Items here: % ))) [.
Things that are here:
a +0 flail; a +0 leather armour
d - 2 scrolls of identify (gained 1)
l - a sedimented emerald potion
Found a dagger.
Found a stone staircase leading up.
An ogre comes into view. It is wielding a +0 giant club.
The ogre shouts!
You shoot a sling bullet. The sling bullet hits the ogre!
The ogre is moderately wounded.
An ogre comes into view. It is wielding a +0 giant spiked club.
You shoot a sling bullet. The sling bullet hits the ogre.
The ogre is moderately wounded.
You shoot a sling bullet.
The sling bullet closely misses the ogre.
You shoot a sling bullet.
The sling bullet hits the ogre but does no damage.
The ogre is moderately wounded.
You shoot a sling bullet. The sling bullet hits the ogre!
The ogre is severely wounded.
The ogre hits you with a +0 giant club!
You shoot a sling bullet. The sling bullet hits the ogre.
The ogre is severely wounded.
The ogre hits you with a +0 giant club!!
Ouch! That really hurt!
You die...

..# ..# ..# #+#.#
#####.#.# #...#.#.#
#.#.#.OO#
#.#.#.#@############
#.#.#..............#
#.#.#.#.##########.#
#.#.#.#.# #.#
#.....#.# #.#
###.###.##########.#
#...............##.#
#######.#######.##.#
#.# #.##.#


You could see 2 ogres.

Vanquished Creatures
  Natasha (thrice) (D:2)
  3 adders
  5 orcs (D:4)
  5 ball pythons
  3 endoplasms
  7 goblins
  6 hobgoblins
  5 jackals
  2 quokkas
  4 bats
  A frilled lizard (D:3)
  2 kobolds (D:1)
  6 rats
52 creatures vanquished.

Notes
Turn   | Place    | Note
-------+----------+-------------------------------------------
     0 | D:1      | qw the Gargoyle Hexslinger began the quest for the Orb.
     0 | D:1      | Reached XP level 1. HP: 12/12 MP: 2/2
     0 | D:1      | 0 ||| qw: Version: 0.3-a-52-g30416fa
     0 | D:1      | 0 ||| qw: Game counter: 6570
     0 | D:1      | 0 ||| qw: Melee chars always use a shield: true
     0 | D:1      | 0 ||| qw: God list: Okawaru
     0 | D:1      | 0 ||| qw: Allow faded altars: false
     0 | D:1      | 0 ||| qw: Do Orc after clearing Dungeon:15 true
     0 | D:1      | 0 ||| qw: Do second Lair branch before Depths: true
     0 | D:1      | 0 ||| qw: Lair rune preference: random
     0 | D:1      | 0 ||| qw: Goals: Normal
     0 | D:1      | 0 ||| PLANNING D:1-11
   135 | D:1      | Reached XP level 2. HP: 16/16 MP: 3/3
   454 | D:1      | Reached skill level 3 in Ranged Weapons
   463 | D:1      | Found Tuss's Weapon Emporium.
   748 | D:1      | 748 ||| UPGRADING to +0 ring mail.
   758 | D:1      | 758 ||| DROPPING +0 robe.
   759 | D:1      | 759 ||| UPGRADING to +6 ring of dexterity.
   760 | D:1      | 760 ||| DROPPING +6 ring of intelligence.
   761 | D:1      | 761 ||| READING scroll labelled NATSOBAILI.
   762 | D:1      | 762 ||| READING scroll labelled TEJOTESAIM.
   763 | D:1      | 763 ||| DROPPING scroll of poison.
   839 | D:2      | Reached XP level 3. HP: 18/21 MP: 4/4
   885 | D:2      | Noticed Natasha
   892 | D:2      | Killed Natasha
   893 | D:2      | Reached XP level 4. HP: 18/26 MP: 5/5
  1095 | D:2      | Reached skill level 4 in Ranged Weapons
  1207 | D:2      | Noticed Natasha
  1214 | D:2      | Killed Natasha
  1215 | D:2      | Reached skill level 1 in Armour
  1383 | D:2      | Noticed Natasha
  1389 | D:2      | Killed Natasha
  1390 | D:2      | Reached XP level 5. HP: 24/30 MP: 6/6
  1573 | D:2      | 1573 ||| UPGRADING to +2 leather armour of cold resistance.
  1583 | D:2      | 1583 ||| DROPPING +0 ring mail.
  1584 | D:2      | 1584 ||| READING scroll labelled LITEID OMADGH.
  1585 | D:2      | 1585 ||| READING 2 scrolls labelled MOHEEL IMONN.
  1589 | D:2      | 1589 ||| READING scroll labelled TUMINY QUUCEH.
  1605 | D:3      | Found an ancient bone altar of Kikubaaqudgha.
  2232 | D:3      | 2232 ||| READING scroll labelled RUNEDW WIPS.
  2233 | D:3      | 2233 ||| DRINKING 2 white potions.
  2234 | D:3      | 2234 ||| READING 2 scrolls of identify.
  2234 | D:3      | 2234 ||| IDENTIFYING sedimented white potion
  2476 | D:4      | Noticed an ogre
  2477 | D:4      | Noticed an ogre
  2482 | D:4      | Mangled by an ogre

Levels and vault maps discovered:
D:1:      dpeg_arrival_refuge, layout_basic, serial_shops, shop,
          columned_hall_lemuel, chequers_serial_rivers_micro_c
D:2:      layout_basic, minmay_tetromino_t4, uniq_natasha
D:3:      layout_loops_ring, kiku_gazebo_pond_becter, minmay_misc_feat_rugged
D:4:      layout_basic, uniq_edmund

Skill      XL: |  1  2  3  4 |
---------------+-------------+-----
Ranged Weapons | 3 4 |  4.8
Fighting       | 2 |  2.0
Armour         | 1 |  1.6
Dodging        | |  1.5
Spellcasting   | |  1.0
Hexes          | |  2.6

Action                     |  1- 3 |  4- 6 || total
---------------------------+-------+-------++-------
   Fire: Sling             |    77 |    99 ||   176
    Use: Scroll            |     2 |     5 ||     7
         Potion            |       |     1 ||     1
 Armour: Robe              |     7 |       ||     7
         Ring mail         |     4 |    22 ||    26
         Leather armour    |       |     9 ||     9
  Dodge: Dodged            |    29 |    49 ||    78

Table legend:
 A = Non-vault XP
 B = Vault XP
 C = Vault XP percentage of total XP
 D = Non-vault monster count
 E = Vault monster count
 F = Vault count percentage of total count
                 A         B        C        D         E       F
            +---------+---------+-------+---------+---------+-------
      Total |     173 |      52 |  23.1 |      48 |       4 |   7.7
            +---------+---------+-------+---------+---------+-------
        D:1 |      30 |       0 |   0.0 |      19 |       0 |   0.0
        D:2 |     100 |      52 |  34.2 |      14 |       4 |  22.2
        D:3 |      26 |       0 |   0.0 |       9 |       0 |   0.0
        D:4 |      17 |       0 |   0.0 |       6 |       0 |   0.0
            +---------+---------+-------+---------+---------+-------
